 Dungeon Crawl Stone Soup version 0.28.0-53-g5a82cb258f (webtiles) character file.

Game seed: 3055465558918217919

1110 spiderkeys the Ducker (level 8, -4/46 (48) HPs)
             Began as a Deep Elf Abyssal Knight on June 10, 2022.
             Was a Priest of Lugonu.
             Slain by a wight
             ... wielding a +0 morningstar
              (7 damage)
             ... on level 5 of the Dungeon.
             The game lasted 00:10:09 (7670 turns).

spiderkeys the Ducker (Deep Elf Abyssal Knight)     Turns: 7670, Time: 00:10:10

HP:   -4/46 (48)    AC:  6    Str:  9 (10) XL:     8   Next: 11%
MP:   15/18         EV: 13    Int: 15 (18) God:    Lugonu [***...]
Gold: 170           SH:  0    Dex: 14 (15) Spells: 16/18 levels left

rFire   + . .      SeeInvis .   a - +2 short sword (flame)
rCold   + . .      Faith    .   (no shield)
rNeg    . . .      Spirit   .   t - +1 leather armour {rF+}
rPois   .          Reflect  .   (no helmet)
rElec   .          Harm     .   h - +0 cloak
rCorr   .          Rampage  .   (no gloves)
Will    .....                   j - +0 pair of boots
Stlth   +.........              (no amulet)
HPRegen 0.15/turn               C - ring of protection from cold
MPRegen 0.16/turn               (no ring)

@: marked, studying Bows, lightly drained
A: no striking features
a: Renounce Religion, Depart the Abyss, Bend Space, Banish


You were on level 5 of the Dungeon.
You worshipped Lugonu.
Lugonu was most pleased with you.
You visited 1 branch of the dungeon, and saw 6 of its levels.
You visited the Abyss 1 time.
You also visited: Sewer.

You collected 170 gold pieces.


   Skills:
 + Level 4.3 Fighting
 - Level 2.0 Short Blades
 - Level 0.7 Armour
 + Level 5.7 Dodging
 + Level 5.5 Spellcasting
 + Level 4.7 Hexes
 + Level 5.1 Invocations


You had 16 spell levels left.
You knew the following spells:

 Your Spells              Type           Power      Damage    Failure   Level
e - Ensorcelled Hibernat  Hex/Ice        22%        N/A       12%         2

Your spell library contained the following spells:

 Spells                   Type           Power      Damage    Failure   Level
 Passwall                 Tmut/Erth      3%         N/A       32%         2
 Swiftness                Air            4%         N/A       54%         3

Inventory:

Hand Weapons
 a - a +2 short sword of flaming (weapon)
Missiles
 c - 45 sling bullets
 d - 179 stones
 e - 10 bolts
 l - 21 arrows
 p - 3 boomerangs
 s - 6 poisoned darts
Armour
 b - a +0 leather armour
 h - a +0 cloak (worn)
   (You found it on level 1 of the Dungeon)
 j - a +0 pair of boots (worn)
   (You found it on level 2 of the Dungeon)
 t - a +1 leather armour of fire resistance (worn)
   (You found it on level 5 of the Dungeon)
Jewellery
 C - a ring of protection from cold (left hand)
   (You found it on level 1 of the Dungeon)
Wands
 k - a wand of acid (5)
   (You found it on level 3 of the Dungeon)
Scrolls
 n - 2 scrolls of brand weapon
 q - a scroll of teleportation {@r4}
Potions
 f - a potion of cancellation
 g - a potion of magic
 i - 2 potions of brilliance
 o - a potion of haste {@q3}
 r - a potion of curing {@q1}

Dungeon Overview and Level Annotations

Branches:
Dungeon (6/15)              Sewer (visited)
 Temple: D:4-7

Altars:

Shops:
D:2

[ ###############
###.........)...#
#####.......####.##.# #########
#........##.###.#.#.# #.......#
#.###.....#.##.###..#
#.#####.###.##...ยง.##.#.## ##.#
#.##........ยง.z...###.##.###.##
#.##>##.###.##zzz.# #.###.#.##
#.##.##.###.ยง.@...# #.# ##.##
#.##.##..######.#+###.# #.#
#.........# #.......# #.#
########.## ##.....### #.##
##..# ##.......## #..###
##...####.........####....#
#.................'........
##...###..........####....#
##..# #.#.......## ##.#.#


You could see 4 wights.


Message History

๐Ÿ˜• HP[+1]
You closely miss the orc priest.
The orc shouts!
You hear a shout! x3
The killer bee zombie hits you but does no damage.
The orc priest misses you. The killer bee zombie hits you.
You climb upwards.
There is a stone staircase leading down here. ๐Ÿ˜• HP[-1]
You take 1 damage, and now have 45/48 hp.
You barely miss the orc priest. The orc priest closely misses you.
You closely miss the orc priest.
You feel yourself slow down. The orc priest barely misses you.
You hit the orc priest but do no damage.
The orc priest misses you.
You closely miss the orc priest. Your punch misses the orc priest.
The orc priest barely misses you.
You closely miss the orc priest.
The orc priest hits you with a +0 falchion. ๐Ÿ˜• HP[-3]
You take 3 damage, and now have 42/48 hp.
You hit the orc priest. You burn the orc priest.
The orc priest hits you but does no damage.
You barely miss the orc priest.
The orc priest hits you but does no damage.
You hit the orc priest. You burn the orc priest. The orc priest misses you.
You hit the orc priest but do no damage.
The orc priest barely misses you.
You hit the orc priest. You burn the orc priest.
The orc priest hits you but does no damage.
You barely miss the orc priest.
The orc priest closely misses you. ๐Ÿ˜• HP[+1]
You hit the orc priest. You burn the orc priest.
You kill the orc priest!
Lugonu accepts your kill.
Things that are here:
a +0 falchion; a +0 ring mail; an orc corpse
Things that are here:
a +0 falchion; a +0 ring mail; an orc corpse
There is a stone staircase leading down here.
There is an open door here.
There is an open door, spattered with blood here.
There is a stone staircase leading down here. ๐Ÿ˜Ž HP[+5]
Your hp is fully restored (48).
You climb downwards.
A sourceless malevolence fills the Dungeon...
With a horrendous wail, an alarm goes off!
A sentinel's mark forms upon you.
The white imp shouts!
You hear an angry hiss.
You hear a bark!
You hear an angry buzzing noise. x2; You hear an angry hiss.
You hear a shout! x2
You hear a bark!
You hear a shout! x3
The wight hits you with a +0 flail!
You feel drained.
The wight hits you with a +3 short sword.
The wight hits you but does no damage.
The wight hits you with a +3 short sword!
* * * LOW HITPOINT WARNING * * *
The wight barely misses you.
You hear an angry hiss.
There is a stone staircase leading up, spattered with blood here. ๐Ÿ˜จ HP[-28]
You now have 46 max hp (-2).
You take 28 damage, and now have 20/46 hp.
MASSIVE DAMAGE!! (PAUSE)
The wight hits you with a +0 short sword.
* * * LOW HITPOINT WARNING * * *
The wight barely misses you.
The wight hits you with a +3 short sword.
* * * LOW HITPOINT WARNING * * *
The wight barely misses you.
You climb upwards.
There is a stone staircase leading down here. ๐Ÿ˜ฑ HP[-10]
You take 10 damage, and now have 10/46 hp.
MASSIVE DAMAGE!! (PAUSE) Space bends sharply around you!
The wight blinks! x3
You blink. ๐Ÿ˜ฑ HP[-2] MP[-1]
You take 2 damage, and now have 8/46 hp.
You lost 1 mp, and now have 17/18 mp.
Unknown command. ๐Ÿ˜ฑ HP[+1] Space bends sharply around you!
The wight blinks!
You blink. ๐Ÿ˜ฑ HP[-2] MP[-1]
You take 2 damage, and now have 7/46 hp.
You lost 1 mp, and now have 16/18 mp.
Unknown command.
Space bends around you!
You blink. ๐Ÿ˜ฑ HP[-2] MP[-1]
You take 2 damage, and now have 5/46 hp.
You lost 1 mp, and now have 15/18 mp.
Unknown command.
Space bends around you!
You blink.
The wight hits you with a +0 morningstar!
You die...

Skill      XL: |  1  2  3  4  5  6  7 |
---------------+----------------------+-----
Spellcasting   | 1 2 3 4 5 |  5.5
Dodging        | 3 4 5 |  5.7
Fighting       | 3 4 |  4.3
Hexes          | 1 2 3 4 |  4.7
Invocations    | 3 4 5 |  5.1
Short Blades   | |  2.0
Armour         | |  0.7

Action                   |  1- 3 |  4- 6 |  7- 9 || total
-------------------------+-------+-------+-------++-------
Melee: Short sword       |   137 |   104 |   193 ||   434
       Punch             |     2 |     6 |     2 ||    10
Throw: Stone             |       |     5 |       ||     5
 Cast: Ensorcelled Hiber |       |     1 |     6 ||     7
Invok: Bend Space        |       |       |     7 ||     7
       Banish            |       |       |     3 ||     3
Evoke: Wand              |     1 |     4 |       ||     5
  Use: Scroll            |     4 |     4 |     3 ||    11
       Potion            |       |       |     7 ||     7
 Stab: Sleeping          |     2 |     2 |     4 ||     8
Armor: Leather armour    |    31 |    29 |    69 ||   129
Dodge: Dodged            |    80 |    62 |   164 ||   306

Levels and vault maps discovered:
D:1:      nagdon_arrival_double_spiral, layout_loops_corners,
          minmay_pentomino_x4
D:2:      layout_basic, serial_shops, nicolae_shop_stone, nrook_loot_triangle,
          amcnicky_mini_pool_small
D:3:      layout_loops_ring, hellmonk_ecumenical_altar_arch_garden
D:4:      layout_loops_ring, minmay_manual_mess
D:5:      layout_loops_corners, gup_sewer_entry_glass
D:6:      lemuel_insect_pit, layout_rooms, mainiacjoe_overflow_six_doors_small,
          kennysheep_generic_room_10

Notes
Turn   | Place    | Note
-------+----------+-------------------------------------------
     0 | Abyss:1  | spiderkeys the Deep Elf Abyssal Knight began the quest for
                  | the Orb.
     0 | Abyss:1  | Reached XP level 1. HP: 13/13 MP: 4/4
     0 | Abyss:1  | magus.rc [v1.11.3]
    37 | D:1      | You pass through the gate.
    37 | D:1      | Escaped the Abyss
   435 | D:1      | Reached skill level 1 in Spellcasting
   435 | D:1      | Reached XP level 2. HP: 14/18 MP: 5/5
   640 | D:1      | Reached ** piety under Lugonu
  1267 | D:1      | Reached skill level 3 in Dodging
  1628 | D:2      | Reached XP level 3. HP: 21/22 MP: 7/7
  2034 | D:2      | Found Hobio's Armour Shop.
  2672 | D:3      | Reached skill level 2 in Spellcasting
  2678 | D:3      | Reached skill level 3 in Fighting
  2678 | D:3      | Reached XP level 4. HP: 10/28 MP: 7/9
  3141 | D:3      | Found a faded altar of an unknown god.
  3298 | D:3      | You pick up a book of Burglary and begin reading...
  3298 | D:3      | You add the spells Passwall, Ensorcelled Hibernation and
                  | Swiftness to your library.
  3302 | D:3      | Learned a level 2 spell: Ensorcelled Hibernation
  3519 | D:4      | Noticed a scorpion
  3541 | D:4      | Killed a scorpion
  3542 | D:4      | Reached skill level 1 in Hexes
  3542 | D:4      | Reached skill level 3 in Invocations
  3542 | D:4      | Reached XP level 5. HP: 25/32 MP: 7/11
  3622 | D:4      | Noticed a necrophage
  3656 | D:3      | HP: 7/30 [something/magic dart (5)]
  3660 | D:3      | Reached skill level 3 in Spellcasting
  4015 | D:4      | Reached *** piety under Lugonu
  4218 | D:4      | Reached skill level 4 in Dodging
  4231 | D:4      | Noticed a sky beast
  4287 | D:4      | Reached skill level 2 in Hexes
  4287 | D:4      | Reached XP level 6. HP: 23/37 MP: 11/13
  4378 | D:4      | Reached skill level 4 in Spellcasting
  4378 | D:4      | Reached skill level 3 in Hexes
  4378 | D:4      | Reached skill level 4 in Invocations
  4576 | D:4      | Killed a sky beast
  4577 | D:4      | Reached XP level 7. HP: 42/42 MP: 15/15
  4829 | D:5      | Entered Level 5 of the Dungeon
  4994 | D:5      | Found a glowing drain.
  5026 | D:5      | HP: 10/42 [ufetubus (3)]
  5030 | D:5      | HP: 4/42 [ufetubus (2)]
  5333 | Sewer    | Entered a sewer
  5522 | Sewer    | Reached skill level 5 in Dodging
  5596 | Sewer    | Reached **** piety under Lugonu
  5696 | Sewer    | HP: 9/42 [river rat (6)]
  5701 | Sewer    | HP: 8/42 [river rat (8)]
  6242 | D:5      | Reached skill level 4 in Fighting
  6242 | D:5      | Reached skill level 4 in Hexes
  6593 | D:5      | Reached skill level 5 in Spellcasting
  7002 | D:5      | Reached skill level 5 in Invocations
  7002 | D:5      | Reached XP level 8. HP: 25/48 MP: 6/18
  7662 | D:6      | HP: 10/46 [wight/+3 short sword (5)]
  7670 | D:5      | Slain by a wight

Vanquished Creatures
  A sky beast (D:4)
  A necrophage (D:4)
  3 scorpions
  A water moccasin skeleton (D:5)
  A killer bee (D:4)
  2 hounds (D:5)
  A bullfrog skeleton (D:5)
  A centaur skeleton (D:4)
  3 orc priests
  An iguana (D:4)
  An orc wizard (D:3)
  8 adders
  5 river rats (Sewer)
  A white imp (D:5)
  An ufetubus (D:5)
  2 adder skeletons (D:4)
  A worm (D:3)
  10 orcs
  10 ball pythons
  4 bats
  11 endoplasms
  4 giant cockroaches
  7 goblins
  3 hobgoblins
  4 jackals (D:4)
  A quokka (D:1)
  10 frilled lizards
  6 kobolds
  12 rats
116 creatures vanquished.

Table legend:
 A = Non-vault XP
 B = Vault XP
 C = Vault XP percentage of total XP
 D = Non-vault monster count
 E = Vault monster count
 F = Vault count percentage of total count
                 A         B        C        D         E       F
            +---------+---------+-------+---------+---------+-------
      Total |     971 |     615 |  38.8 |      81 |      37 |  31.4
            +---------+---------+-------+---------+---------+-------
        D:1 |      36 |       4 |  10.0 |      22 |       3 |  12.0
        D:2 |      24 |       0 |   0.0 |      14 |       0 |   0.0
        D:3 |      69 |      35 |  33.7 |      15 |       1 |   6.2
        D:4 |     227 |     426 |  65.2 |      15 |       7 |  31.8
        D:5 |     615 |      19 |   3.0 |      15 |       4 |  21.1
      Sewer |       0 |     131 | 100.0 |       0 |      22 | 100.0
            +---------+---------+-------+---------+---------+-------

Illustrated notes

Table legend:
 A = Kills in this place as a percentage of kills in entire the game.
 B = Kills by you in this place as a percentage of kills by you in the entire game.
 C = Kills by friends in this place as a percentage of kills by friends in the entire game.
 D = Other kills in this place as a percentage of other kills in the entire game.
 E = Experience gained in this place as a percentage of experience gained in the entire game.
 F = Experience gained in this place divided by the number of levels of this place that you have seen.
                   A       B       C       D       E      F
               +-------+-------+-------+-------+-------+----------------------
         Total | 100.0 | 100.0 |   N/A | 100.0 | 100.0 | 198.2
       Dungeon |  81.4 |  81.0 |   N/A | 100.0 |  91.7 | 242.5
         Sewer |  18.6 |  19.0 |   N/A |   0.0 |   8.3 | 131.0
               +-------+-------+-------+-------+-------+----------------------

Table legend: (Time is in decaauts)
 A = Elapsed time spent in this place.
 B = Non-inter-level travel time spent in this place.
 C = Inter-level travel time spent in this place.
 D = Time resting spent in this place.
 E = Time spent auto-exploring this place.
 F = Levels seen in this place.
 G = Mean time per level.
                   A        B        C        D        E       F      G
               +--------+--------+--------+--------+--------+-----+--------+
         Total |   7728 |   7521 |    207 |   1499 |   4942 |   8 |  966.0 |
       Dungeon |   6725 |   6518 |    207 |   1146 |   4494 |   6 | 1120.8 |
         Abyss |     37 |     37 |      0 |      0 |     30 |   1 |   37.0 |
         Sewer |    966 |    966 |      0 |    353 |    417 |   1 |  966.0 |
               +--------+--------+--------+--------+--------+-----+--------+

Top non-repeatable levels by time:
     D:5: 1904 daAuts
     D:1: 1582 daAuts
     D:3: 1363 daAuts
     D:4: 1012 daAuts
   Sewer: 966 daAuts
     D:2: 833 daAuts
 Abyss:1: 37 daAuts
     D:6: 28 daAuts
